 Dungeon Crawl Stone Soup version 0.30-a0-918-g0ff054e9dc (webtiles) character file.

Game seed: 14066171595226132775

14297 tilp the Carver (level 12, -3/107 HPs)
             Began as a Meteoran Fighter on Mar 20, 2023.
             Was an Elder of Okawaru.
             Slain by an orc warrior
             ... wielding a +0 glaive
              (8 damage)
             ... on level 2 of the Orcish Mines.
             The game lasted 00:26:52 (5489 turns).

tilp the Carver (Meteoran Fighter)                  Turns: 5489, Time: 00:26:52

Health: -3/107     AC: 21    Str: 17    XL:     12   Next: 77%
Magic:  14/15      EV: 14    Int: 12    God:    Okawaru [****..]
Gold:   820        SH:  7    Dex: 18    Spells: 11/11 levels left

rFire   + . .      SeeInvis .    a - +2 scimitar
rCold   . . .      Faith    .    c - +0 buckler
rNeg    . . .      Spirit   .    v - +4 chain mail of the Desolation of Salt {Fly}
rPois   .          Reflect  .    (no helmet)
rElec   .          Rampage  .    (no cloak)
rCorr   .                        e - +2 pair of gloves
Will    +....                    J - +0 pair of boots Stlth
                                 H - amulet of regeneration
HPRegen 1.17/turn                i - ring of protection from fire
MPRegen 0.14/turn                F - +4 ring of slaying

@: mighty, about to teleport, heroic, flying, hasted, glowing, very quick
A: sense surroundings 2, otherworldly, glowing, explore regen
a: Renounce Religion, Heroism, Finesse


You were on level 2 of the Orcish Mines.
You worshipped Okawaru.
Okawaru was greatly pleased with you.
You visited 3 branches of the dungeon, and saw 14 of its levels.

You collected 820 gold pieces.

Inventory:

Hand Weapons
 a - a +2 scimitar (weapon)
 b - a +2 short sword of flaming
 n - a +1 long sword
 p - a +5 long sword
 q - a +3 long sword
 z - a +2 short sword of venom
Missiles
 w - 30 poisoned darts (quivered)
 y - 3 boomerangs
 E - 3 throwing nets
 P - 2 atropa-tipped darts
Armour
 c - a +0 buckler (worn)
 e - a +2 pair of gloves (worn)
 v - the +4 chain mail of the Desolation of Salt (worn) {Fly}
   (You took it off a goblin on level 4 of the Dungeon)

   Fly:       It grants you flight.
 G - +0 swamp dragon scales
 J - a +0 pair of boots (worn)
Jewellery
 i - a ring of protection from fire (left hand)
 r - a ring of protection from cold
 F - a +4 ring of slaying (right hand)
 H - an amulet of regeneration (around neck)
 I - a +6 ring of strength
 M - a ring of protection from cold
Wands
 k - a wand of mindburst (21)
 B - a wand of polymorph (6)
 K - a wand of flame (7)
Scrolls
 g - a scroll of butterflies
 h - 5 scrolls of enchant weapon
 o - a scroll of vulnerability
 L - a scroll of fog
Potions
 d - 5 potions of lignification
 j - a potion of magic {unknown}
 l - 4 potions of attraction
 m - 2 potions of berserk rage
 s - a potion of might
 t - 2 potions of haste
 u - 4 potions of flight
 x - 3 potions of mutation
 C - a potion of cancellation
 D - a potion of resistance
 O - 3 potions of curing {unknown}


   Skills:
 * Level 10.3(15.3) Fighting
 - Level 14.0(19.0) Long Blades
 + Level 6.3(11.3) Throwing
 + Level 6.3(11.3) Armour
 + Level 10.2(15.2) Dodging
 + Level 4.5(9.5) Shields
 * Level 3.1 Invocations
 + Level 6.3 Evocations


You had 11 spell levels left.
You didn't know any spells.
Your spell library was empty.

Dungeon Overview and Level Annotations

Branches:
Dungeon (11/15) Zot: 1509  Temple (1/1) D:7 Zot: 536    Lair (0/5) D:11
    Orc (2/2) D:9 Zot: 930
    Elf: Orc:2

Altars:
Ashenzari
Cheibriados
Dithmenos
Elyvilon
Fedhas
Gozag
Hepliaklqana
Kikubaaqudgha
Makhleb
Nemelex Xobeh
Okawaru
Qazlal
Ru
Sif Muna
Trog
Uskayaw
Vehumet
Wu Jian
Xom
Yredelemnul
Zin
The Shining One

Annotations:
D:9 1 runed translucent door
D:10 1 runed translucent door
Orc:2 1 runed translucent door, Dirtsage's ghost, journeyman DsBe


Innate Abilities, Weirdness & Mutations

You passively map the area around you.
You are easily found by Zot.
You glow in the dark.
You regain HP and MP as you explore.


Message History

You slash the centaur!
The centaur is severely wounded.
The centaur hits you but does no damage.
The centaur kicks you but does no damage.
The orc warrior hits you from afar with a +0 glaive!
* * * LOW HITPOINT WARNING * * *
The orc shoots a bolt.
The bolt barely misses you.
The orc warrior unwields a +0 hand axe.
The orc warrior wields a +0 arbalest.
The orc warrior shoots a bolt.
You block the bolt.
The orc knight is engulfed in poison gas.
The orc knight is poisoned.
The orc warrior hits you from afar with a +0 trident.
* * * LOW HITPOINT WARNING * * *
You hear a shout!
You slice the orc warrior!!
The orc warrior is severely wounded.
The centaur hits you but does no damage.
You block the centaur's attack. The centaur hits you.
* * * LOW HITPOINT WARNING * * *
You block the centaur's attack.
Unknown command.
You hit the centaur.
The centaur is almost dead.
The centaur closely misses you.
The centaur kicks you but does no damage.
The orc priest mumbles some strange prayers to Beogh against you.
Beogh smites you!
* * * LOW HITPOINT WARNING * * *
The orc warrior hits you but does no damage.
The orc shoots a bolt.
The bolt hits you but does no damage.
The orc warrior hits you but does no damage.
The orc knight is engulfed in poison gas.
The orc knight looks even sicker.
The orc warrior hits you but does no damage.
The centaur barely misses you.
The centaur kicks you but does no damage.
As you read the scroll of teleportation, it crumbles to dust.
You feel strangely unstable. You block the centaur's attack. x2
The orc warrior hits you from afar with a +0 glaive!
You die...

,, ................... ,
,○.§...§○○○°○§......... *
,☼##○☼##.°.°.§§§.........
* ~,,,
☼§§o☼.##§☼○§☼☼..........
* ~ ,
○§☼○○§☼#§§☼.§°§.........
**~
☼§°°.o°.§.☼..○○.........
*
~○.°○○oo#○§°☼○...........
~○§..ooc#)°§.°§..........
∩
○☼o.ooo@°☼○○.°☼.........
, ,
o○○.ooc)§§.☼§○☼.........
, *~
☼☼.°§oo#°○☼°°§§.........
~
○§°.°o○#.°.☼§☼..........
○☼§°☼°°.○§☼○○☼°.........
* ~
,.○.°☼.○#.°.#☼☼§.........
~,,
°§☼☼☼○##☼°○°#☼§...)))...
* , * °##.○#
.§○°###°...).)... , ,
##.........


You could see an orc knight (very poisoned), 7 orc warriors, 2 centaurs, an orc
priest and 7 orcs.

Vanquished Creatures
  A centaur warrior (D:9)
  Pikel (D:4)
  A cyclops (D:9)
  A gargoyle (D:10)
  Joseph (D:10)
  Maggie (D:7)
  A hornet (D:9)
  Sigmund (D:3)
  2 shadows (D:9)
  A vampire (D:9)
  A wyvern (D:7)
  25 yaks
  A wraith (D:11)
  3 vampire mosquitoes (D:10)
  5 wargs
  3 water moccasins
  2 sky beasts (D:7)
  11 orc warriors
  A black bear (D:6)
  3 ogres
  9 centaurs
  4 kobold brigands
  2 bullfrogs
  A gnoll sergeant (D:9)
  3 scorpions
  18 wights
  10 killer bees
  An electric eel (D:11)
  10 howler monkeys
  5 hounds
  A gnoll bouda (D:4)
  5 orc priests
  A sleepcap (D:4)
  Jessica (D:2)
  4 iguanas
  19 orc wizards
  8 adders
  9 gnolls
  A shadow imp (D:6)
  2 white imps (D:6)
  2 ufetubi
  38 orcs
  5 endoplasms
  11 giant cockroaches
  7 goblins
  2 hobgoblins
  2 quokkas (D:1)
  5 ball pythons
  2 bats
  4 frilled lizards
  22 kobolds
  A kobold zombie (D:9)
  A rat (D:3)
282 creatures vanquished.

Vanquished Creatures (others)
  An orc wizard (D:7)
1 creature vanquished.

Grand Total: 283 creatures vanquished

Notes
Turn   | Place    | Note
-------+----------+-------------------------------------------
     0 | D:1      | tilp the Meteoran Fighter began the quest for the Orb.
     0 | D:1      | Reached XP level 1. HP: 19/19 MP: 2/2
    91 | D:1      | Reached XP level 2. HP: 15/26 MP: 3/3
   162 | D:2      | Reached skill level 3 in Long Blades
   199 | D:3      | Noticed Sigmund
   206 | D:3      | Killed Sigmund
   207 | D:3      | Reached skill level 5 in Long Blades
   207 | D:3      | Reached XP level 3. HP: 19/33 MP: 4/4
   207 | D:3      | Reached XP level 4. HP: 24/40 MP: 5/5
   207 | D:3      | Reached XP level 5. HP: 27/46 MP: 6/6
   207 | D:3      | Reached XP level 6. HP: 31/52 MP: 7/7
   413 | D:3      | Reached skill level 6 in Long Blades
   629 | D:3      | Noticed an ogre
   637 | D:3      | Killed an ogre
   692 | D:2      | Noticed Jessica
   699 | D:2      | Killed Jessica
   700 | D:2      | Reached skill level 1 in Evocations
   700 | D:2      | Reached XP level 7. HP: 46/60 MP: 8/8
   828 | D:3      | Reached skill level 1 in Throwing
  1085 | D:4      | Noticed Pikel
  1125 | D:5      | Entered Level 5 of the Dungeon
  1214 | D:4      | Identified the +4 chain mail of the Desolation of Salt
                  | {Fly}
  1299 | D:4      | Killed Pikel
  1300 | D:4      | Reached skill level 5 in Fighting
  1300 | D:4      | Reached skill level 7 in Long Blades
  1300 | D:4      | Reached XP level 8. HP: 27/70 MP: 9/9
  1327 | D:4      | Found an opulent altar of Gozag.
  1598 | D:5      | Reached skill level 8 in Long Blades
  1598 | D:5      | Gained mutation: You passively map the area around you.
                  | [Meteoran growth]
  1598 | D:5      | Reached XP level 9. HP: 76/77 MP: 10/10
  1683 | D:6      | Reached skill level 5 in Dodging
  1688 | D:6      | Reached skill level 9 in Long Blades
  1739 | D:6      | Found a bloodstained altar of Trog.
  2191 | D:6      | Reached XP level 10. HP: 74/88 MP: 11/11
  2203 | D:6      | Reached skill level 10 in Long Blades
  2263 | D:7      | Noticed Maggie
  2529 | D:7      | Killed Maggie
  2586 | D:7      | Found a glowing golden altar of the Shining One.
  2805 | D:7      | Found a staircase to the Ecumenical Temple.
  2824 | Temple   | Entered the Ecumenical Temple
  3058 | D:9      | Reached skill level 5 in Armour
  3187 | D:8      | Reached skill level 11 in Long Blades
  3230 | D:8      | Found a stormy altar of Qazlal.
  3285 | D:8      | Found a glowing silver altar of Zin.
  3393 | D:9      | Reached XP level 11. HP: 83/84 MP: 12/12
  3425 | D:9      | Reached skill level 5 in Throwing
  3449 | D:9      | Reached skill level 5 in Evocations
  3457 | D:10     | Entered Level 10 of the Dungeon
  3519 | D:9      | Noticed a cyclops
  3539 | D:9      | Killed a cyclops
  3553 | D:9      | Found a runed translucent door.
  3555 | D:9      | Found a basalt altar of Yredelemnul.
  3596 | D:9      | Found an iron altar of Okawaru.
  3601 | D:9      | Became a worshipper of Warmaster Okawaru
  3623 | D:9      | Paralysed by a hornet for 1 turns
  3756 | D:9      | Found a staircase to the Orcish Mines.
  3881 | D:9      | Noticed a centaur warrior
  3893 | D:9      | Killed a centaur warrior
  3894 | D:9      | Reached skill level 10 in Fighting
  3894 | D:9      | Reached skill level 12 in Long Blades
  3909 | D:9      | Reached * piety under Okawaru
  4115 | D:10     | Found a sparkling altar of Nemelex Xobeh.
  4134 | D:10     | Found a runed translucent door.
  4135 | D:10     | Found a burning altar of Makhleb.
  4135 | D:10     | Noticed a sixfirhy
  4311 | D:10     | Reached ** piety under Okawaru
  4360 | D:10     | Reached skill level 13 in Long Blades
  4360 | D:10     | Reached XP level 12. HP: 105/106 MP: 13/13
  4366 | D:10     | Reached *** piety under Okawaru
  4473 | D:10     | Noticed Joseph
  4490 | D:10     | Killed Joseph
  4842 | D:10     | Reached skill level 14 in Long Blades
  5081 | D:11     | Reached **** piety under Okawaru
  5082 | D:11     | Reached skill level 10 in Dodging
  5101 | D:11     | Reached skill level 1 in Invocations
  5103 | D:11     | Received a gift from Okawaru
  5121 | D:11     | Found a staircase to the Lair.
  5189 | Orc:1    | Entered Level 1 of the Orcish Mines
  5270 | Orc:2    | Entered Level 2 of the Orcish Mines
  5365 | Orc:2    | Found a runed translucent door.
  5365 | Orc:2    | Noticed Dirtsage's ghost (journeyman DsBe)
  5484 | Orc:2    | Noticed an orc knight
  5488 | Orc:2    | HP: 4/107 [orc priest/divine providence (13)]
  5489 | Orc:2    | Slain by an orc warrior

Illustrated notes

Levels and vault maps discovered:
D:1:      eino_arrival_druids_welcome, layout_loops_ring
D:2:      layout_basic, uniq_robin, uniq_jessica
D:3:      minmay_roachtagon, layout_loops_ring, uniq_sigmund
D:4:      layout_cave_pools, amcnicky_altar_gilded, kennysheep_generic_room_5,
          uniq_pikel
D:5:      layout_cave_pools
D:6:      layout_cave_pools, lemuel_coloured_pillars_altar
D:7:      layout_cave_pools, mainiacjoe_overflow_six_doors_small,
          minmay_temple_entry_stoned_glass, nicolae_figureground_sparkle,
          uniq_maggie
D:8:      layout_loops_corners, grunt_qazlal_clouds,
          mainiacjoe_overflow_alcove_2, ebering_ghost_reflecting_pool
D:9:      minmay_opposing_rooms, layout_cave_pools, dk_yredelemnul_ordeal,
          mainiacjoe_overflow_alcove_1, orc_0_dummy, patterned_corridor
D:10:     layout_gridville, nzn_makhleb_speed_demon,
          nemelex_xobeh_ov_fountains_minmay, uniq_joseph
D:11:     layout_basic, erik_lair_orcish_takeover
Temple:   compressed_dpeg_triangle_lava_temple
Orc:1:    layout_caves
Orc:2:    st_orc_rangers, layout_diamond_mine, ebering_ghost_reflecting_pool

Skill      XL: |  1  2  3  4  5  6  7  8  9 10 11 12 |
---------------+-------------------------------------+-----
Long Blades    | 5 6 7 8 9 11 13 14 | 14.0
Fighting       | 4 5 6 8 9 10 | 10.3
Dodging        | 2 3 4 5 6 8 10 | 10.2
Evocations     | 1 2 3 4 6 |  6.3
Throwing       | 2 3 4 6 |  6.3
Armour         | 4 5 6 |  6.3
Shields        | 4 |  4.5
Invocations    | 3 |  3.1

Action                     |  1- 3 |  4- 6 |  7- 9 | 10-12 || total
---------------------------+-------+-------+-------+-------++-------
  Melee: Long sword        |    41 |    99 |   327 |   185 ||   652
         Scimitar          |       |       |       |   511 ||   511
  Throw: Stone             |       |       |     1 |       ||     1
         Boomerang         |       |       |       |     6 ||     6
 Invoke: Heroism           |       |       |       |     4 ||     4
  Evoke: Wand              |       |       |     1 |     7 ||     8
    Use: Potion            |     1 |       |       |     4 ||     5
         Scroll            |       |       |       |    23 ||    23
 Armour: Scale mail        |    28 |    54 |    64 |       ||   146
         Chain mail        |       |       |   174 |   458 ||   632
  Dodge: Dodged            |     8 |    52 |   177 |   324 ||   561
  Block: Buckler           |    13 |    26 |   117 |   229 ||   385

Table legend: (Time is in decaauts)
 A = Elapsed time spent in this place.
 B = Non-inter-level travel time spent in this place.
 C = Inter-level travel time spent in this place.
 D = Time resting spent in this place.
 E = Time spent auto-exploring this place.
 F = Levels seen in this place.
 G = Mean time per level.
                   A        B        C        D        E       F      G
               +--------+--------+--------+--------+--------+-----+--------+
         Total |   5422 |   4789 |    633 |      0 |      0 |  14 |  387.3 |
       Dungeon |   5090 |   4468 |    622 |      0 |      0 |  11 |  462.7 |
        Temple |     63 |     53 |     10 |      0 |      0 |   1 |   63.0 |
  Orcish Mines |    268 |    268 |      0 |      0 |      0 |   2 |  134.0 |
               +--------+--------+--------+--------+--------+-----+--------+

Top non-repeatable levels by time:
    D:10: 919 daAuts
     D:3: 733 daAuts
     D:9: 718 daAuts
     D:6: 520 daAuts
     D:7: 488 daAuts
     D:4: 482 daAuts
     D:8: 402 daAuts
     D:5: 300 daAuts
     D:2: 232 daAuts
   Orc:2: 187 daAuts
     D:1: 152 daAuts
    D:11: 141 daAuts
   Orc:1: 81 daAuts
  Temple: 63 daAuts
